 Dungeon Crawl Stone Soup version 0.21.1-1-g345015f (console) character file.

2874 erker the Transmogrifier (level 9, -3/55 HPs)
             Began as an Octopode Transmuter on May 9, 2018.
             Was a Priest of Cheibriados.
             Slain by a shadow imp (6 damage)
             ... on level 8 of the Dungeon.
             The game lasted 00:56:32 (9518 turns).

erker the Transmogrifier (Octopode Transmuter)      Turns: 9518, Time: 00:56:34

Health: -3/55      AC:  1    Str: 21    XL:     9   Next: 76%
Magic:  17/19      EV: 16    Int: 28    God:    Cheibriados [***...]
Gold:   52         SH:  0    Dex: 24    Spells: 11/21 levels left

rFire    x . .     SeeInvis .     - Unarmed
rCold    . . .     Gourm    .   (shield currently unavailable)
rNeg     . . .     Faith    .   (helmet restricted)
rPois    +         Spirit   .   q - amulet of magic regeneration
rElec    .         Reflect  .   p - +4 ring of strength
rCorr    .         Harm     .   N - ring of poison resistance
MR       .....                  O - ring of Doitout {Wiz +Blink rF- Int+2 Dex+3}
Stlth    ++++......             K - ring of flight
HPRegen  0.18/turn              (no ring)
MPRegen  0.41/turn              (no ring)
                                (no ring)
                                (no ring)

@: blade tentacles, very slow
A: almost no armour, stealthy swim, amphibious, 8 rings, constrict 8, camouflage
1, gelatinous body 1
a: End Transformation, Bend Time, Temporal Distortion, Renounce Religion, Evoke
Blink, Evoke Flight


You were on level 8 of the Dungeon.
You worshipped Cheibriados.
Cheibriados was most pleased with you.
You were very hungry.
You had blades for tentacles.
You visited 2 branches of the dungeon, and saw 9 of its levels.
You also visited: Ossuary.

You collected 344 gold pieces.
You spent 292 gold pieces at shops.

Inventory:

Hand Weapons
 b - a +2 dagger of venom (melded)
Missiles
 a - 17 arrows
 g - 50 poisoned needles
 o - 67 sling bullets
 E - a throwing net
 H - 32 bolts
 M - 6 silver tomahawks
 R - a tomahawk (quivered)
Jewellery
 k - an uncursed amulet of guardian spirit
 p - a +4 ring of strength (left scythe-like blade)
 q - an amulet of magic regeneration (around mantle)
 K - a ring of flight (on tentacle)
 N - a ring of poison resistance (right scythe-like blade)
 O - the ring of Doitout (on tentacle) {Wiz +Blink rF- Int+2 Dex+3}
   (You bought it in a shop on level 6 of the Dungeon)

   [ring of wizardry]

   It improves your spell success rate.
   It affects your intelligence (+2).
   It affects your dexterity (+3).
   It makes you vulnerable to fire.
   It lets you blink.
Wands
 x - a wand of polymorph (14)
 z - a wand of flame (32)
Scrolls
 d - 2 scrolls of enchant weapon {unknown}
 e - 11 scrolls of teleportation
 f - 7 scrolls of magic mapping
 i - 2 scrolls of blinking {unknown}
 l - 3 scrolls of enchant armour {unknown}
 m - 2 scrolls of amnesia {unknown}
 n - 4 scrolls of remove curse
 r - 4 scrolls of identify
 u - 2 scrolls of immolation {unknown}
 y - a scroll of brand weapon {unknown}
 F - a scroll of noise {unknown}
 I - 2 scrolls of fear {unknown}
 J - a scroll of fog
 P - a scroll of acquirement {unknown}
Potions
 h - 2 potions of curing
 s - 2 potions of might
 t - 4 potions of lignification
 v - a potion of berserk rage
 w - a potion of haste
 A - 2 potions of cancellation
 B - a potion of flight
 C - a potion of agility
 D - 2 potions of brilliance
 G - a potion of heal wounds
 Q - 2 potions of magic {unknown}
Books
 j - a book of Changes

   Spells                             Type                      Level
   a - Beastly Appendage              Transmutation                1
   b - Sticks to Snakes               Transmutation                2
   c - Spider Form                    Transmutation/Poison         3
   d - Ice Form                       Ice/Transmutation            4
   e - Blade Hands                    Transmutation                5
 L - a book of Geomancy

   Spells                             Type                      Level
   a - Sandblast                      Earth                        1
   b - Passwall                       Transmutation/Earth          2
   c - Stone Arrow                    Conjuration/Earth            3
   d - Petrify                        Transmutation/Earth          4
   e - Lee's Rapid Deconstruction     Earth                        5
Comestibles
 c - 8 rations


   Skills:
 + Level 2.8 Fighting
 * Level 4.0 Dodging
 + Level 4.0 Stealth
 + Level 4.9 Unarmed Combat
 + Level 6.8 Spellcasting
 - Level 8.3 Transmutations
 * Level 1.3 Earth Magic
 * Level 2.8 Invocations


You had 11 spell levels left.
You knew the following spells:

 Your Spells              Type           Power        Failure   Level  Hunger
a - Beastly Appendage     Tmut           ######       3%          1    None
h - Blade Hands           Tmut           ######....   13%         5    #####..
p - Passwall              Tmut/Erth      #####.....   6%          2    None
t - Sticks to Snakes      Tmut           ######..     4%          2    None


Dungeon Overview and Level Annotations

Branches:
Dungeon (8/15)             Temple (1/1) D:5
   Lair: D:8-11

Altars:
Ashenzari
Cheibriados
Dithmenos
Elyvilon
Fedhas
Gozag
Hepliaklqana
Kikubaaqudgha
Makhleb
Nemelex Xobeh
Okawaru
Qazlal
Ru
Trog
Uskayaw
Vehumet
Wu Jian
Xom
Yredelemnul
Zin
The Shining One

Shops:
D:6 *   D:7 (**!

Annotations:
D:3 Verendum's ghost, amateur MfAK
D:4 1 exclusion
D:7 exclusion: oklob plant


Innate Abilities, Weirdness & Mutations

You cannot wear most types of armour.
You are very stealthy in the water. (Stealth+)
You are amphibious.
You can wear up to eight rings at the same time.
You can use your tentacles to constrict eight enemies at once.
Your skin changes colour to match your surroundings (Stealth+).
Your rubbery body absorbs attacks. (AC +1, EV +1)


Message History

You hit the hellwing but do no damage.
The hellwing is lightly wounded.
Your adder bites the wyvern skeleton.
The wyvern skeleton barely misses you. The shadow imp misses your adder.
The shadow imp closely misses you.
Your adder bites the wyvern skeleton.
The wyvern skeleton is destroyed!
Cheibriados appreciates the change of pace.
Your adder looks stronger.
You slash the hellwing! Your squeeze misses the hellwing.
The hellwing is moderately wounded.
The hellwing hits you. The hellwing barely misses you.
The shadow imp barely misses you.
You slash the hellwing! You squeeze the hellwing!
The hellwing is severely wounded.
The hellwing hits you!
* * * LOW HITPOINT WARNING * * *
The hellwing hits you!
* * * LOW HITPOINT WARNING * * *
The shadow imp barely misses you. The shadow imp hits you.
You die...

#######+#+###
#............
#............
#............
#............
#....S4......
#.5@# #.54#
...#..#
........#
..........
88....P.##.
=.8...... .
∩%.8....# #


You could see 2 hellwings, 2 shadow imps and a friendly adder.

Vanquished Creatures
  The ghost of cultivahabas the Spear-Bearer, an amateur MfMo (D:4)
  A hippogriff (D:7)
  Eustachio (D:5)
  Menkaure (D:5)
  Duvessa (D:5)
  A slave (D:7)
  An ice beast (D:5)
  4 ogres
  A phantom (D:7)
  Blork the orc (D:5)
  A water moccasin skeleton (D:6)
  Dowan (D:5)
  A howler monkey (D:4)
  6 jellies (D:7)
  4 crimson imps
  3 hounds
  6 orc wizards
  2 orc priests
  2 bullfrog skeletons (D:4)
  2 centaur skeletons
  Ijyb (D:5)
  2 iguanas
  2 worker ants
  A killer bee zombie (D:7)
  A hound skeleton (D:5)
  9 mummies (Ossuary)
  2 worker ant zombies
  7 adders
  3 shadow imps
  10 oozes
  An adder zombie (D:7)
  An adder skeleton (D:7)
  3 worms
  5 leopard geckos
  20 orcs
  11 bats
  5 giant cockroaches
  6 goblins
  6 hobgoblins
  14 jackals
  8 kobolds
  A quokka (D:2)
  3 ball pythons
  4 frilled lizards
  3 gnoll skeletons (Ossuary)
  3 goblin skeletons (Ossuary)
  A hobgoblin zombie (D:4)
  A kobold skeleton (Ossuary)
  A leopard gecko skeleton (D:7)
  An orc skeleton (Ossuary)
  A quokka skeleton (D:4)
  7 rats
  11 rat skeletons (Ossuary)
196 creatures vanquished.

Vanquished Creatures (collateral kills)
  An orc warrior (D:6)
  A slave (D:7)
  An ogre (D:5)
  A wyvern skeleton (D:8)
  A jelly (D:7)
  2 mummies (Ossuary)
  4 oozes (D:7)
  A dart slug (D:4)
  2 orcs (D:4)
  A goblin (D:2)
15 creatures vanquished.

Vanquished Creatures (others)
  6 fungi (D:7)
6 creatures vanquished.

Grand Total: 217 creatures vanquished

Notes
Turn   | Place    | Note
-------+----------+-------------------------------------------
     0 | D:1      | erker the Octopode Transmuter began the quest for the Orb.
     0 | D:1      | Reached XP level 1. HP: 13/13 MP: 3/3
    71 | D:1      | Reached XP level 2. HP: 10/18 MP: 5/5
    75 | D:1      | Learned a level 2 spell: Sticks to Snakes
   707 | D:2      | Reached XP level 3. HP: 23/23 MP: 6/6
   743 | D:2      | Reached skill level 3 in Transmutations
  1466 | D:2      | Reached XP level 4. HP: 19/28 MP: 8/8
  1870 | D:3      | Found an opulent altar of Gozag.
  1977 | D:3      | Noticed Verendum's ghost (amateur MfAK)
  2548 | D:3      | Found an ancient bone altar of Kikubaaqudgha.
  2727 | D:4      | Noticed cultivahabas's ghost (amateur MfMo)
  2778 | D:4      | Reached skill level 4 in Transmutations
  2782 | D:4      | Noticed an ogre
  2795 | D:4      | Reached XP level 5. HP: 33/33 MP: 5/10
  2801 | D:4      | Killed an ogre
  2801 | D:4      | Reached XP level 6. HP: 32/38 MP: 6/11
  2808 | D:4      | Learned a level 5 spell: Blade Hands
  3004 | D:4      | Found a sand-covered staircase.
  3014 | Ossuary  | Entered an ossuary
  3100 | Ossuary  | Reached skill level 5 in Transmutations
  4037 | D:5      | Entered Level 5 of the Dungeon
  4039 | D:5      | Reached skill level 6 in Transmutations
  4039 | D:5      | Reached XP level 7. HP: 9/43 MP: 13/13
  4370 | D:5      | Noticed Blork the orc
  4376 | D:5      | Noticed Menkaure
  4493 | D:4      | Found a snail-covered altar of Cheibriados.
  4496 | D:4      | Became a worshipper of Cheibriados the Contemplative
  5211 | D:4      | Reached skill level 1 in Stealth
  5629 | D:4      | Killed cultivahabas's ghost
  5629 | D:4      | Reached * piety under Cheibriados
  5629 | D:4      | Reached skill level 7 in Transmutations
  5629 | D:4      | Reached XP level 8. HP: 25/48 MP: 5/15
  6000 | D:5      | Killed Menkaure
  6000 | D:5      | Reached skill level 5 in Spellcasting
  6041 | D:5      | Noticed Ijyb
  6050 | D:5      | Killed Ijyb
  6183 | D:5      | Noticed Eustachio
  6216 | D:5      | Killed Blork the orc
  6256 | D:5      | Killed Eustachio
  6366 | D:5      | Noticed Duvessa
  6366 | D:5      | Noticed Dowan
  6376 | D:5      | Killed Dowan
  6381 | D:5      | Killed Duvessa
  6721 | D:5      | Found a staircase to the Ecumenical Temple.
  6738 | D:5      | Reached skill level 8 in Transmutations
  6740 | D:5      | Reached XP level 9. HP: 25/54 MP: 15/17
  6766 | Temple   | Entered the Ecumenical Temple
  7358 | D:6      | Reached ** piety under Cheibriados
  7843 | D:6      | Learned a level 2 spell: Passwall
  7923 | D:6      | Reached skill level 1 in Invocations
  8039 | D:6      | Found Ilivues's Assorted Antiques.
  8043 | D:6      | Bought a marble ring for 135 gold pieces
  8043 | D:6      | Bought a serpentine copper ring for 135 gold pieces
  8044 | D:6      | Identified the ring of Doitout {Wiz +Blink rF- Int+2 Dex+3} (You bought it in a shop on level 6 of the Dungeon)
  8331 | D:7      | Found Yquci's General Store.
  8407 | D:7      | Found Uchudgh's Weapon Shop.
  8428 | D:7      | Found a stormy altar of Qazlal.
  8589 | D:7      | Found Toeberasy's Assorted Antiques.
  8679 | D:7      | Noticed an oklob plant
  8713 | D:7      | Reached *** piety under Cheibriados
  8891 | D:7      | Reached skill level 1 in Earth Magic
  9202 | D:7      | Found Gypo's Distillery.
  9331 | D:7      | Bought a scroll of fog for 22 gold pieces
  9332 | D:7      | Found Kenlunagask's Weapon Boutique.
  9507 | D:8      | Noticed a hellwing
  9510 | D:8      | Noticed a hellwing
  9518 | D:8      | Slain by a shadow imp

Skill      XL: |  1  2  3  4  5  6  7  8  9 |
---------------+----------------------------+-----
Transmutations | 3 4 6 7 8 |  8.3
Spellcasting   | 3 4 5 6 |  6.8
Stealth        | 1 3 4 |  4.0
Fighting       | 2 |  2.8
Unarmed Combat | 4 |  4.9
Dodging        | 4 |  4.0
Invocations    | 2 |  2.8
Earth Magic    | 1 |  1.3

Action                   |  1- 3 |  4- 6 |  7- 9 || total
-------------------------+-------+-------+-------++-------
Melee: Unarmed           |    75 |    25 |    96 ||   196
       Constrict         |    24 |    50 |    47 ||   121
       Tentacles         |    13 |    32 |    48 ||    93
       Punch             |     1 |     5 |     7 ||    13
       Dagger            |    25 |   123 |   110 ||   258
       Kick              |       |    10 |    48 ||    58
Throw: Tomahawk          |       |       |     3 ||     3
 Cast: Sticks to Snakes  |     2 |    11 |    18 ||    31
       Beastly Appendage |       |     6 |    21 ||    27
       Blade Hands       |       |     4 |    19 ||    23
       Passwall          |       |       |     5 ||     5
Evoke: Wand              |       |       |     1 ||     1
  Use: Potion            |     3 |       |     3 ||     6
       Scroll            |       |     3 |     8 ||    11
 Stab: Sleeping          |     9 |     9 |     5 ||    23
       Distracted        |       |     1 |     1 ||     2
  Eat: Chunk             |     2 |     6 |    15 ||    23
       Ration            |       |     1 |     1 ||     2
Armor: Skin              |    16 |    10 |     7 ||    33
Dodge: Dodged            |    58 |    95 |   128 ||   281
